Islanders vs Maroons

Created - 23 janvier 2018 at 16:09

Goals
1 2 3 T
Islanders 1 2 1 4
Maroons 1 0 1 2
Shots
1 2 3 T
Islanders 6 13 13 32
Maroons 9 10 10 29

1st period

1. Islanders , Karl Alzner 2 (Vladimir Tarasenko 18, Nicklas Backstrom 17) at 3:19 (PP)
2. Maroons , Erik Karlsson 7 (Jakub Voracek 29, Mikko Koivu 23) at 10:58 (PP)

Penalties :
Frederik Gauthier (MON) for Slashing (Minor) at 2:55, Tyler Bozak (NYI) for Hooking (Minor) at 10:51

2nd period

3. Islanders , Tyler Bozak 10 (Brandon Saad 15, Kyle Palmieri 13) at 0:19
4. Islanders , James Neal 8 (Ryan Murray 2) at 13:49

Penalties :
Jacob Trouba (MON) for Interference (Minor) at 8:18, Torey Krug (MON) for Holding Stick (Minor) at 18:14

3rd period

5. Maroons , Jakub Voracek 22 (Erik Karlsson 28) at 6:19 (PP)
6. Islanders , James Neal 9 (Nicklas Backstrom 18, Vladimir Tarasenko 19) at 6:35

Penalties :
Brendan Gallagher (MON) for Hooking (Minor) at 2:42, Chris Mueller (NYI) for Holding (Minor) at 5:17, Matthew Tkachuk (MON) for High sticking (Minor) at 15:18

Goalie Stats

Corey Crawford (NYI), 27 saves from 29 shots - (0,931), W, 17-16-6, 60:00 minutes
John Gibson (MON), 28 saves from 32 shots - (0,875), L, 17-15-3, 60:00 minutes

Players Stats for Islanders

Player Name              G  A  P  +/- PIM S  H  SB GA TA FO     MP     PP MP  PK MP  
------------------------------------------------------------------------------------
Alex Goligoski           0  0  0   2  0   2  1  1  1  0  0/0    24:31   5:23   0:42 
Brandon Saad             0  1  1   1  0   3  1  0  0  0  0/0    18:21   3:13   0:00 
Chris Mueller            0  0  0   0  2   2  3  1  0  0  0/1     8:29   0:00   0:00 
Colin Greening           0  0  0   0  0   0  0  1  0  1  0/0     8:19   0:00   0:00 
Evan Rodrigues           0  0  0   0  0   0  0  0  0  0  0/2     8:19   0:00   0:00 
Jake Gardiner            0  0  0   0  0   3  1  0  1  0  0/0    22:01   2:57   0:00 
James Neal               2  0  2   2  0   3  0  0  1  0  0/0    18:08   3:25   0:00 
Jesper Fast              0  0  0   0  0   1  0  0  0  0  1/3    13:24   0:12   0:49 
Jordie Benn              0  0  0   0  0   1  2  0  0  1  0/0    19:06   2:57   0:27 
Karl Alzner              1  0  1   2  0   1  0  1  0  0  0/0    21:09   5:23   0:42 
Kyle Palmieri            0  1  1   1  0   0  4  0  1  0  0/1    19:50   4:38   0:00 
Mikhail Grigorenko       0  0  0   0  0   4  1  0  0  0  0/0    12:26   0:00   0:20 
Nicklas Backstrom        0  2  2   2  0   2  0  1  0  1  17/27  19:56   4:55   0:20 
Radek Faksa              0  0  0   0  0   0  1  0  0  0  9/12   13:41   0:29   0:49 
Ryan Murray              0  1  1   1  0   0  0  0  1  1  0/0    16:23   0:00   0:00 
Tyler Bozak              1  0  1   1  2   5  1  0  0  1  12/18  18:20   3:13   0:00 
Vladimir Tarasenko       0  2  2   2  0   1  1  0  0  0  0/0    19:36   4:55   0:00 
Will Butcher             0  0  0   1  0   4  2  4  0  0  0/0    16:50   0:00   0:27 

Players Stats for Maroons

Player Name              G  A  P  +/- PIM S  H  SB GA TA FO     MP     PP MP  PK MP  
------------------------------------------------------------------------------------
Beau Bennett             0  0  0   0  0   1  0  0  0  0  0/1     8:32   0:00   0:18 
Bo Horvat                0  0  0   0  0   1  2  0  1  0  5/13   16:51   0:35   2:14 
Brendan Gallagher        0  0  0   0  2   1  2  0  0  0  0/0    14:45   0:00   0:00 
Cal Clutterbuck          0  0  0   0  0   0  2  0  1  0  0/1    15:28   0:35   4:34 
Carl Gunnarsson          0  0  0  -1  0   0  1  0  0  0  0/0    15:41   0:00   3:03 
Christopher Tanev        0  0  0   0  0   1  0  1  0  0  0/0    24:43   0:00   4:50 
Erik Karlsson            1  1  2  -1  0   3  1  3  0  0  0/0    26:15   1:09   3:03 
Frederik Gauthier        0  0  0   0  2   4  0  0  0  0  3/4    10:22   0:00   2:14 
Jacob Trouba             0  0  0  -2  2   1  0  2  0  2  0/0    22:48   0:00   4:00 
Jakub Voracek            1  1  2  -3  0   3  4  0  1  0  1/1    18:02   0:34   0:00 
Matt Duchene             0  0  0   0  0   5  0  1  0  1  0/0    14:46   0:34   0:00 
Matthew Tkachuk          0  0  0  -3  2   5  1  0  0  0  0/1    19:25   0:35   0:48 
Mikko Koivu              0  1  1  -3  0   0  0  1  1  0  14/41  22:47   0:34   4:36 
Nick Schmaltz            0  0  0   0  0   1  1  0  0  0  1/1     9:45   0:00   0:00 
Nick Schultz             0  0  0  -1  0   0  3  2  0  0  0/0    12:42   0:00   0:27 
Pierre-Luc Dubois        0  0  0   0  0   0  1  0  0  0  0/0    12:36   0:00   1:56 
Torey Krug               0  0  0  -1  2   2  0  0  1  1  0/0    18:06   1:09   1:17 
Zack Kassian             0  0  0   0  0   1  1  0  0  1  1/1     8:00   0:00   0:00 

3 Stars

1 - James Neal (NYI)
2 - Vladimir Tarasenko (NYI)
3 - Karl Alzner (NYI)

Power Play

Islanders - 1 on 6 Attempt(s) - 16,67%
Maroons - 2 on 2 Attempt(s) - 100,00%

Penalty Kill

Islanders - 0 on 2 Attempt(s) - 0,00% - Score 0 goal in Penalty Kill
Maroons - 5 on 6 Attempt(s) - 83,33% - Score 0 goal in Penalty Kill

Team Stat

Islanders - Hits : 18 - Faceoff Wins : 39 - Blocked Shots : 9 - Penalty Minutes : 4
Maroons - Hits : 19 - Faceoff Wins : 25 - Blocked Shots : 10 - Penalty Minutes : 10

Official

Referees : Jon Mclsaac and Evgeny Romasko
Linesman : Shane Heyer and Pierre Racicot

Game Notes

3:41 of 1st period - Penalty Shot by Jacob Trouba for Maroons - Stopped by Corey Crawford

Finance

Level 1 -- Attendance: 4864 (81,07%) -- Ticket Income 486 400 $
Level 2 -- Attendance: 5000 (100,00%) -- Ticket Income 300 000 $
Level 3 -- Attendance: 1929 (96,45%) -- Ticket Income 67 515 $
Level 4 -- Attendance: 4000 (100,00%) -- Ticket Income 80 000 $
Luxury Box -- Attendance: 712 (71,20%) -- Ticket Income 142 400 $
Game was played at the Arena de Verdun.
Total Attendance: 16505 (91,69%)
Total Ticket Income: 1 076 315 $
Other Income: 527 394 $
Total Income: 1 603 709 $

Islanders

5 vs 5 Forward 
   Center                   Left Wing                Right Wing               Time % Phy DF OF 
 1 Nicklas Backstrom        James Neal               Vladimir Tarasenko       32     0   2  3  
 2 Tyler Bozak              Kyle Palmieri            Brandon Saad             31     0   2  3  
 3 Radek Faksa              Jesper Fast              Mikhail Grigorenko       27     0   3  2  
 4 Evan Rodrigues           Colin Greening           Chris Mueller            10     0   3  2  

5 vs 5 Defense 
   Defense                  Defense                                           Time % Phy DF OF 
 1 Alex Goligoski           Karl Alzner                                       30     0   3  2  
 2 Jordie Benn              Jake Gardiner                                     30     0   3  2  
 3 Will Butcher             Ryan Murray                                       30     0   3  2  
 4 Alex Goligoski           Jake Gardiner                                     10     1   2  2  

PowerPlay Forward 
   Center                   Left Wing                Right Wing               Time % Phy DF OF 
 1 Nicklas Backstrom        Kyle Palmieri            Vladimir Tarasenko       60     0   1  4  
 2 Tyler Bozak              James Neal               Brandon Saad             40     0   1  4  

PowerPlay Defense
   Defense                  Defense                                           Time % Phy DF OF 
 1 Alex Goligoski           Karl Alzner                                       60     0   2  3  
 2 Jordie Benn              Jake Gardiner                                     40     0   2  3  

Penalty Kill 4 Players Forward 
   Center                   Wing                     Time % Phy DF OF 
 1 Radek Faksa              Jesper Fast              60     1   2  2  
 2 Chris Mueller            Mikhail Grigorenko       40     1   2  2  

Penalty Kill 4 Players Defense
   Defense                  Defense                  Time % Phy DF OF 
 1 Alex Goligoski           Karl Alzner              60     1   2  2  
 2 Jordie Benn              Will Butcher             40     1   2  2  

Penalty Kill - 3 Players Forward 
   Forward                                           Time % Phy DF OF 
 1 Radek Faksa                                       50     0   4  1  
 2 Kyle Palmieri                                     50     0   4  1  

Penalty Kill - 3 Players Defense
   Defense                  Defense                  Time % Phy DF OF 
 1 Alex Goligoski           Karl Alzner              50     0   5  0  
 2 Jordie Benn              Will Butcher             50     0   5  0  

4 vs 4 Forward 
   Center                   Wing                     Time % Phy DF OF 
 1 Nicklas Backstrom        Vladimir Tarasenko       60     1   2  2  
 2 Kyle Palmieri            James Neal               40     1   2  2  

4 vs 4 Defense
   Defense                  Defense                  Time % Phy DF OF 
 1 Alex Goligoski           Karl Alzner              60     1   2  2  
 2 Jordie Benn              Jake Gardiner            40     1   2  2  

Last Minutes Offensive
   Center                   Left Wing                Right Wing               Defense                  Defense                  
   Nicklas Backstrom        Kyle Palmieri            Vladimir Tarasenko       Alex Goligoski           Karl Alzner              

Last Minutes Defensive
   Center                   Left Wing                Right Wing               Defense                  Defense                  
   Radek Faksa              Kyle Palmieri            Jesper Fast              Alex Goligoski           Karl Alzner              

Goaltenders
Starting : Corey Crawford           
Backup : Keith Kinkaid            

Extra Forwards
Normal : Radek Faksa, Jesper Fast, Chris Mueller - PP : Radek Faksa, Jesper Fast - PK : Chris Mueller
Extra Defensemen
Normal : Will Butcher, Ryan Murray, Jordie Benn - PP : Will Butcher - PK : Ryan Murray, Jordie Benn
Penalty Shots
Nicklas Backstrom, Vladimir Tarasenko, Kyle Palmieri, James Neal, Brandon Saad
Custom OT Lines Forwards
Nicklas Backstrom, Vladimir Tarasenko, Kyle Palmieri, James Neal, Brandon Saad, Tyler Bozak, Radek Faksa, Jesper Fast, Mikhail Grigorenko, Chris Mueller
Custom OT Lines Defensemen
Alex Goligoski, Karl Alzner, Jordie Benn, Jake Gardiner, Will Butcher

Scratches
Matt Dumba (Healthy)

Maroons

5 vs 5 Forward 
   Center                   Left Wing                Right Wing               Time % Phy DF OF 
 1 Mikko Koivu              Matthew Tkachuk          Jakub Voracek            40     1   2  2  
 2 Bo Horvat                Matt Duchene             Brendan Gallagher        30     1   2  2  
 3 Nick Schmaltz            Pierre-Luc Dubois        Cal Clutterbuck          20     1   2  2  
 4 Frederik Gauthier        Beau Bennett             Zack Kassian             10     1   2  2  

5 vs 5 Defense 
   Defense                  Defense                                           Time % Phy DF OF 
 1 Erik Karlsson            Christopher Tanev                                 40     1   1  3  
 2 Torey Krug               Jacob Trouba                                      30     1   2  2  
 3 Nick Schultz             Carl Gunnarsson                                   20     1   2  2  
 4 Erik Karlsson            Jacob Trouba                                      10     1   2  2  

PowerPlay Forward 
   Center                   Left Wing                Right Wing               Time % Phy DF OF 
 1 Mikko Koivu              Matt Duchene             Jakub Voracek            60     1   2  2  
 2 Bo Horvat                Matthew Tkachuk          Cal Clutterbuck          40     1   2  2  

PowerPlay Defense
   Defense                  Defense                                           Time % Phy DF OF 
 1 Erik Karlsson            Torey Krug                                        60     1   2  2  
 2 Jacob Trouba             Nick Schmaltz                                     40     1   2  2  

Penalty Kill 4 Players Forward 
   Center                   Wing                     Time % Phy DF OF 
 1 Mikko Koivu              Cal Clutterbuck          60     1   2  2  
 2 Frederik Gauthier        Bo Horvat                40     1   2  2  

Penalty Kill 4 Players Defense
   Defense                  Defense                  Time % Phy DF OF 
 1 Jacob Trouba             Christopher Tanev        60     1   2  2  
 2 Erik Karlsson            Carl Gunnarsson          40     1   2  2  

Penalty Kill - 3 Players Forward 
   Forward                                           Time % Phy DF OF 
 1 Mikko Koivu                                       60     1   2  2  
 2 Matt Duchene                                      40     1   2  2  

Penalty Kill - 3 Players Defense
   Defense                  Defense                  Time % Phy DF OF 
 1 Jacob Trouba             Christopher Tanev        60     1   2  2  
 2 Erik Karlsson            Torey Krug               40     1   2  2  

4 vs 4 Forward 
   Center                   Wing                     Time % Phy DF OF 
 1 Mikko Koivu              Brendan Gallagher        60     1   2  2  
 2 Matt Duchene             Bo Horvat                40     1   2  2  

4 vs 4 Defense
   Defense                  Defense                  Time % Phy DF OF 
 1 Erik Karlsson            Jacob Trouba             60     1   2  2  
 2 Christopher Tanev        Torey Krug               40     1   2  2  

Last Minutes Offensive
   Center                   Left Wing                Right Wing               Defense                  Defense                  
   Mikko Koivu              Matt Duchene             Jakub Voracek            Erik Karlsson            Jacob Trouba             

Last Minutes Defensive
   Center                   Left Wing                Right Wing               Defense                  Defense                  
   Mikko Koivu              Matt Duchene             Jakub Voracek            Erik Karlsson            Jacob Trouba             

Goaltenders
Starting : John Gibson              
Backup : Chad Johnson             

Extra Forwards
Normal : Mikko Koivu, Brendan Gallagher, Matt Duchene - PP : Mikko Koivu, Brendan Gallagher - PK : Mikko Koivu
Extra Defensemen
Normal : Torey Krug, Carl Gunnarsson, Erik Karlsson - PP : Torey Krug - PK : Christopher Tanev, Torey Krug
Penalty Shots
Mikko Koivu, Jakub Voracek, Matt Duchene, Bo Horvat, Matthew Tkachuk
Custom OT Lines Forwards
Mikko Koivu, Jakub Voracek, Matt Duchene, Bo Horvat, Matthew Tkachuk, Cal Clutterbuck, Brendan Gallagher, Beau Bennett, Zack Kassian, Nick Schmaltz
Custom OT Lines Defensemen
Erik Karlsson, Jacob Trouba, Carl Gunnarsson, Torey Krug, Nick Schultz

Scratches
None


% Time on Ice - Islanders

Lines # - Real PCT - Wanted PCT - Time Play
Normal Forward
1 - 29% - 32% - 14:52
2 - 30% - 31% - 15:14
3 - 24% - 27% - 12:06
4 - 16% - 10% - 8:19
Normal Defense
1 - 30% - 30% - 15:04
2 - 31% - 30% - 15:42
3 - 32% - 30% - 16:23
4 - 7% - 10% - 3:22
PP Forward
1 - 59% - 60% - 4:55
2 - 41% - 40% - 3:25
PP Defense
1 - 65% - 60% - 5:23
2 - 35% - 40% - 2:57
PK Forward
1 - 71% - 60% - 0:49
2 - 29% - 40% - 0:20
PK Defense
1 - 61% - 60% - 0:42
2 - 39% - 40% - 0:27
PK3 Forward
1 - 0% - 50%
2 - 0% - 50%
PK3 Defense
1 - 0% - 50%
2 - 0% - 50%
44 Forward
1 - 0% - 60%
2 - 0% - 40%
44 Defense
1 - 0% - 60%
2 - 0% - 40%
Last Minute Offensive  - 0:00
Last Minute Defensive  - 0:00
Total
Forward - 60:00
Defense - 60:00

% Time on Ice - Maroons

Lines # - Real PCT - Wanted PCT - Time Play
Normal Forward
1 - 37% - 40% - 18:44
2 - 28% - 30% - 14:02
3 - 19% - 20% - 9:45
4 - 16% - 10% - 8:00
Normal Defense
1 - 39% - 40% - 19:53
2 - 30% - 30% - 15:23
3 - 24% - 20% - 12:15
4 - 6% - 10% - 3:00
PP Forward
1 - 49% - 60% - 0:34
2 - 51% - 40% - 0:35
PP Defense
1 - 100% - 60% - 1:09
2 - 0% - 40% - 0:00
PK Forward
1 - 73% - 60% - 6:06
2 - 27% - 40% - 2:14
PK Defense
1 - 63% - 60% - 5:17
2 - 37% - 40% - 3:03
PK3 Forward
1 - 0% - 60%
2 - 0% - 40%
PK3 Defense
1 - 0% - 60%
2 - 0% - 40%
44 Forward
1 - 0% - 60%
2 - 0% - 40%
44 Defense
1 - 0% - 60%
2 - 0% - 40%
Last Minute Offensive  - 0:00
Last Minute Defensive  - 0:00
Total
Forward - 60:00
Defense - 60:00

Play by Play

1st period


0:01 of 1st period - Nicklas Backstrom wins face-off versus Mikko Koivu in neutral zone.
1:30 of 1st period - Slapshot by Matthew Tkachuk.
1:30 of 1st period - Stopped by Corey Crawford with a rebound.
1:39 of 1st period - Off-side.
1:40 of 1st period - Bo Horvat wins face-off versus Tyler Bozak in neutral zone.
1:47 of 1st period - Wrist shot by Matt Duchene.
1:47 of 1st period - Stopped by Corey Crawford with a rebound.
2:39 of 1st period - Wrist shot by Vladimir Tarasenko.
2:39 of 1st period - Shot Misses the Net.
2:49 of 1st period - Evan Rodrigues is hit by Zack Kassian and loses puck.
2:55 of 1st period - Minor Penalty to Frederik Gauthier for Slashing.
2:56 of 1st period - Mikko Koivu wins face-off versus Nicklas Backstrom in Maroons zone.
3:02 of 1st period - Icing by Alex Goligoski.
3:03 of 1st period - Mikko Koivu wins face-off versus Nicklas Backstrom in Islanders zone.
3:19 of 1st period - Slapshot by Karl Alzner.
3:19 of 1st period - Goal by Karl Alzner - Islanders : 1 - Maroons : 0.
3:20 of 1st period - Mikko Koivu wins face-off versus Tyler Bozak in neutral zone.
3:35 of 1st period - Wrist shot by Brandon Saad.
3:35 of 1st period - Shot Blocked by Jacob Trouba.
3:41 of 1st period - Penalty Shot by Jacob Trouba for Maroons.
3:41 of 1st period - Wrist shot by Jacob Trouba.
3:41 of 1st period - Stopped by Corey Crawford.
3:42 of 1st period - Radek Faksa wins face-off versus Bo Horvat in Maroons zone.
4:31 of 1st period - Snap shot by Brendan Gallagher.
4:31 of 1st period - Shot Misses the Net.
4:53 of 1st period - Christopher Tanev is hit by Will Butcher and loses puck.
5:02 of 1st period - Wrist shot by Evan Rodrigues.
5:02 of 1st period - Deflect By Chris Mueller.
5:02 of 1st period - Shot Misses the Net.
5:02 of 1st period - Puck is out of play.
5:03 of 1st period - Mikko Koivu wins face-off versus Radek Faksa in Maroons zone.
6:16 of 1st period - Icing by Karl Alzner.
6:17 of 1st period - Frederik Gauthier wins face-off versus Chris Mueller in Islanders zone.
6:32 of 1st period - Snap shot by Chris Mueller.
6:32 of 1st period - Stopped by John Gibson with a rebound.
6:34 of 1st period - Slapshot by Alex Goligoski.
6:34 of 1st period - Deflect By Chris Mueller.
6:34 of 1st period - Stopped by John Gibson without a rebound.
6:35 of 1st period - Nicklas Backstrom wins face-off versus Mikko Koivu in Maroons zone.
7:00 of 1st period - Jesper Fast is hit by Brendan Gallagher and loses puck.
7:49 of 1st period - Slapshot by Erik Karlsson.
7:49 of 1st period - Stopped by Corey Crawford with a rebound.
7:51 of 1st period - Snap shot by Cal Clutterbuck.
7:51 of 1st period - Shot Misses the Net.
8:19 of 1st period - Mikko Koivu is hit by Chris Mueller and loses puck.
8:30 of 1st period - Snap shot by Mikhail Grigorenko.
8:30 of 1st period - Shot Misses the Net.
8:32 of 1st period - Wrist shot by Radek Faksa.
8:32 of 1st period - Shot Misses the Net.
8:34 of 1st period - Snap shot by Alex Goligoski.
8:34 of 1st period - Stopped by John Gibson without a rebound.
8:35 of 1st period - Bo Horvat wins face-off versus Jesper Fast in Maroons zone.
8:48 of 1st period - Bo Horvat is hit by Jordie Benn and loses puck.
9:12 of 1st period - Slapshot by Matthew Tkachuk.
9:12 of 1st period - Shot Misses the Net.
9:40 of 1st period - Off-side.
9:41 of 1st period - Nicklas Backstrom wins face-off versus Frederik Gauthier in neutral zone.
9:54 of 1st period - Wrist shot by Vladimir Tarasenko.
9:54 of 1st period - Shot Misses the Net.
10:18 of 1st period - Icing by Bo Horvat.
10:19 of 1st period - Bo Horvat wins face-off versus Nicklas Backstrom in Maroons zone.
10:30 of 1st period - Snap shot by Matt Duchene.
10:30 of 1st period - Stopped by Corey Crawford without a rebound.
10:31 of 1st period - Mikko Koivu wins face-off versus Tyler Bozak in Islanders zone.
10:42 of 1st period - Slapshot by Matthew Tkachuk.
10:42 of 1st period - Stopped by Corey Crawford without a rebound.
10:43 of 1st period - Mikko Koivu wins face-off versus Tyler Bozak in Islanders zone.
10:51 of 1st period - Minor Penalty to Tyler Bozak for Hooking.
10:52 of 1st period - Mikko Koivu wins face-off versus Radek Faksa in Islanders zone.
10:54 of 1st period - Wrist shot by Jakub Voracek.
10:54 of 1st period - Stopped by Corey Crawford with a rebound.
10:56 of 1st period - Slapshot by Erik Karlsson.
10:56 of 1st period - Shot Blocked by Karl Alzner.
10:58 of 1st period - Slapshot by Erik Karlsson.
10:58 of 1st period - Goal by Erik Karlsson - Islanders : 1 - Maroons : 1.
10:59 of 1st period - Nicklas Backstrom wins face-off versus Mikko Koivu in neutral zone.
11:02 of 1st period - Christopher Tanev is hit by Vladimir Tarasenko.
11:24 of 1st period - Matt Duchene is hit by Kyle Palmieri.
11:52 of 1st period - Jesper Fast is hit by Cal Clutterbuck and loses puck.
12:25 of 1st period - Mikko Koivu is hit by Kyle Palmieri and loses puck.
12:46 of 1st period - Wrist shot by Nicklas Backstrom.
12:46 of 1st period - Shot Misses the Net.
13:15 of 1st period - Wrist shot by Mikhail Grigorenko.
13:15 of 1st period - Shot Misses the Net.
13:17 of 1st period - Slapshot by Jesper Fast.
13:17 of 1st period - Shot Blocked by Erik Karlsson.
14:11 of 1st period - Snap shot by Nicklas Backstrom.
14:11 of 1st period - Stopped by John Gibson with a rebound.
14:53 of 1st period - Slapshot by Jakub Voracek.
14:53 of 1st period - Deflect By Matthew Tkachuk.
14:53 of 1st period - Deflect By Kyle Palmieri.
14:53 of 1st period - Stopped by Corey Crawford with a rebound.
14:55 of 1st period - Wrist shot by Matthew Tkachuk.
14:55 of 1st period - Shot Misses the Net.
15:13 of 1st period - Chris Mueller is hit by Nick Schultz and loses puck.
15:22 of 1st period - Snap shot by Zack Kassian.
15:22 of 1st period - Shot Misses the Net.
15:24 of 1st period - Wrist shot by Beau Bennett.
15:24 of 1st period - Deflect By Frederik Gauthier.
15:24 of 1st period - Stopped by Corey Crawford with a rebound.
15:26 of 1st period - Slapshot by Christopher Tanev.
15:26 of 1st period - Shot Blocked by Colin Greening.
15:50 of 1st period - Chris Mueller is hit by Carl Gunnarsson and loses puck.
16:12 of 1st period - Nicklas Backstrom is hit by Bo Horvat and loses puck.
16:53 of 1st period - Snap shot by Radek Faksa.
16:53 of 1st period - Shot Misses the Net.
16:55 of 1st period - Wrist shot by Jesper Fast.
16:55 of 1st period - Shot Misses the Net.
16:57 of 1st period - Slapshot by Mikhail Grigorenko.
16:57 of 1st period - Stopped by John Gibson with a rebound.
17:53 of 1st period - Radek Faksa is hit by Nick Schmaltz and loses puck.
18:44 of 1st period - Pierre-Luc Dubois is hit by Kyle Palmieri and loses puck.
19:59 of 1st period - Nick Schmaltz is hit by Brandon Saad and loses puck.
Goals for this period are 1 for Islanders vs 1 for Maroons.
Shots for this period are 6 for Islanders vs 9 for Maroons.

2nd period


0:01 of 2nd period - Nicklas Backstrom wins face-off versus Matthew Tkachuk in neutral zone.
0:03 of 2nd period - Off-side.
0:04 of 2nd period - Nicklas Backstrom wins face-off versus Mikko Koivu in neutral zone.
0:07 of 2nd period - Slapshot by James Neal.
0:07 of 2nd period - Shot Misses the Net.
0:11 of 2nd period - Wrist shot by Vladimir Tarasenko.
0:11 of 2nd period - Stopped by John Gibson without a rebound.
0:12 of 2nd period - Tyler Bozak wins face-off versus Mikko Koivu in Maroons zone.
0:17 of 2nd period - Snap shot by Brandon Saad.
0:17 of 2nd period - Stopped by John Gibson with a rebound.
0:19 of 2nd period - Wrist shot by Brandon Saad.
0:19 of 2nd period - Deflect By Tyler Bozak.
0:19 of 2nd period - Goal by Tyler Bozak - Islanders : 2 - Maroons : 1.
0:20 of 2nd period - Jakub Voracek wins face-off versus Nicklas Backstrom in neutral zone.
0:47 of 2nd period - Matt Duchene is hit by Alex Goligoski and loses puck.
2:19 of 2nd period - Snap shot by Brendan Gallagher.
2:19 of 2nd period - Deflect By Matt Duchene.
2:19 of 2nd period - Shot Misses the Net.
2:19 of 2nd period - Puck is out of play.
2:20 of 2nd period - Tyler Bozak wins face-off versus Bo Horvat in Islanders zone.
3:15 of 2nd period - Vladimir Tarasenko is hit by Cal Clutterbuck and loses puck.
3:32 of 2nd period - Ryan Murray is hit by Nick Schultz and loses puck.
4:59 of 2nd period - Slapshot by Alex Goligoski.
4:59 of 2nd period - Deflect By Jakub Voracek.
4:59 of 2nd period - Stopped by John Gibson with a rebound.
5:30 of 2nd period - Snap shot by Tyler Bozak.
5:30 of 2nd period - Stopped by John Gibson without a rebound.
5:31 of 2nd period - Radek Faksa wins face-off versus Mikko Koivu in Maroons zone.
5:41 of 2nd period - Off-side.
5:42 of 2nd period - Radek Faksa wins face-off versus Mikko Koivu in neutral zone.
6:16 of 2nd period - Wrist shot by Matt Duchene.
6:16 of 2nd period - Stopped by Corey Crawford without a rebound.
6:17 of 2nd period - Nicklas Backstrom wins face-off versus Mikko Koivu in Islanders zone.
6:17 of 2nd period - Nicklas Backstrom is hit by Jakub Voracek.
6:31 of 2nd period - Snap shot by Jakub Voracek.
6:31 of 2nd period - Shot Blocked by Will Butcher.
6:33 of 2nd period - Snap shot by Jakub Voracek.
6:33 of 2nd period - Stopped by Corey Crawford without a rebound.
6:34 of 2nd period - Tyler Bozak wins face-off versus Bo Horvat in Islanders zone.
6:34 of 2nd period - Tyler Bozak is hit by Bo Horvat.
6:57 of 2nd period - Icing by Matt Duchene.
6:58 of 2nd period - Nicklas Backstrom wins face-off versus Mikko Koivu in Maroons zone.
6:59 of 2nd period - Wrist shot by James Neal.
6:59 of 2nd period - Shot Blocked by Erik Karlsson.
7:05 of 2nd period - Wrist shot by Nicklas Backstrom.
7:05 of 2nd period - Deflect By James Neal.
7:05 of 2nd period - Shot Misses the Net.
7:05 of 2nd period - Puck is out of play.
7:06 of 2nd period - Mikko Koivu wins face-off versus Jesper Fast in Maroons zone.
7:06 of 2nd period - Mikko Koivu is hit by Will Butcher.
7:18 of 2nd period - Snap shot by Matthew Tkachuk.
7:18 of 2nd period - Stopped by Corey Crawford without a rebound.
7:19 of 2nd period - Nicklas Backstrom wins face-off versus Mikko Koivu in Islanders zone.
7:48 of 2nd period - Snap shot by Mikhail Grigorenko.
7:48 of 2nd period - Shot Misses the Net.
7:50 of 2nd period - Snap shot by Radek Faksa.
7:50 of 2nd period - Shot Misses the Net.
7:52 of 2nd period - Slapshot by Jake Gardiner.
7:52 of 2nd period - Stopped by John Gibson without a rebound.
7:53 of 2nd period - Radek Faksa wins face-off versus Bo Horvat in Maroons zone.
7:56 of 2nd period - Snap shot by Jesper Fast.
7:56 of 2nd period - Deflect By Mikhail Grigorenko.
7:56 of 2nd period - Stopped by John Gibson without a rebound.
7:57 of 2nd period - Tyler Bozak wins face-off versus Bo Horvat in Maroons zone.
8:18 of 2nd period - Minor Penalty to Jacob Trouba for Interference.
8:19 of 2nd period - Mikko Koivu wins face-off versus Nicklas Backstrom in Maroons zone.
8:33 of 2nd period - Off-side.
8:34 of 2nd period - Nicklas Backstrom wins face-off versus Mikko Koivu in neutral zone.
9:00 of 2nd period - Torey Krug is hit by Kyle Palmieri.
10:18 of 2nd period - Penalty to Jacob Trouba is over, Jacob Trouba is back on ice.
10:31 of 2nd period - Off-side.
10:32 of 2nd period - Radek Faksa wins face-off versus Bo Horvat in neutral zone.
10:41 of 2nd period - Snap shot by Jesper Fast.
10:41 of 2nd period - Shot Blocked by Matt Duchene.
10:57 of 2nd period - Zack Kassian is hit by Chris Mueller and loses puck.
11:22 of 2nd period - Wrist shot by Jakub Voracek.
11:22 of 2nd period - Shot Misses the Net.
11:24 of 2nd period - Wrist shot by Mikko Koivu.
11:24 of 2nd period - Shot Misses the Net.
11:44 of 2nd period - Snap shot by Brandon Saad.
11:44 of 2nd period - Shot Misses the Net.
11:46 of 2nd period - Slapshot by Jake Gardiner.
11:46 of 2nd period - Deflect By Erik Karlsson.
11:46 of 2nd period - Stopped by John Gibson without a rebound.
11:47 of 2nd period - Radek Faksa wins face-off versus Mikko Koivu in Maroons zone.
11:50 of 2nd period - Slapshot by Mikhail Grigorenko.
11:50 of 2nd period - Shot Blocked by Erik Karlsson.
11:54 of 2nd period - Snap shot by Mikhail Grigorenko.
11:54 of 2nd period - Stopped by John Gibson with a rebound.
11:56 of 2nd period - Slapshot by Will Butcher.
11:56 of 2nd period - Stopped by John Gibson with a rebound.
11:58 of 2nd period - Wrist shot by Mikhail Grigorenko.
11:58 of 2nd period - Shot Misses the Net.
12:00 of 2nd period - Slapshot by Ryan Murray.
12:00 of 2nd period - Shot Blocked by Christopher Tanev.
12:02 of 2nd period - Snap shot by Jesper Fast.
12:02 of 2nd period - Stopped by John Gibson with a rebound.
12:21 of 2nd period - Wrist shot by Matt Duchene.
12:21 of 2nd period - Stopped by Corey Crawford with a rebound.
12:23 of 2nd period - Wrist shot by Brendan Gallagher.
12:23 of 2nd period - Stopped by Corey Crawford without a rebound.
12:24 of 2nd period - Nicklas Backstrom wins face-off versus Mikko Koivu in Islanders zone.
12:39 of 2nd period - Wrist shot by Matthew Tkachuk.
12:39 of 2nd period - Shot Misses the Net.
12:49 of 2nd period - Karl Alzner is hit by Pierre-Luc Dubois and loses puck.
12:58 of 2nd period - Slapshot by Erik Karlsson.
12:58 of 2nd period - Shot Misses the Net.
13:00 of 2nd period - Slapshot by Nick Schmaltz.
13:00 of 2nd period - Stopped by Corey Crawford without a rebound.
13:01 of 2nd period - Tyler Bozak wins face-off versus Mikko Koivu in Islanders zone.
13:29 of 2nd period - Off-side.
13:30 of 2nd period - Jesper Fast wins face-off versus Bo Horvat in neutral zone.
13:39 of 2nd period - Snap shot by Matt Duchene.
13:39 of 2nd period - Stopped by Corey Crawford without a rebound.
13:40 of 2nd period - Mikko Koivu wins face-off versus Nicklas Backstrom in Islanders zone.
13:47 of 2nd period - Wrist shot by James Neal.
13:47 of 2nd period - Shot Misses the Net.
13:49 of 2nd period - Slapshot by James Neal.
13:49 of 2nd period - Goal by James Neal - Islanders : 3 - Maroons : 1.
13:50 of 2nd period - Tyler Bozak wins face-off versus Mikko Koivu in neutral zone.
14:05 of 2nd period - Backhand shot by Tyler Bozak.
14:05 of 2nd period - Stopped by John Gibson with a rebound.
14:17 of 2nd period - Christopher Tanev is hit by Jake Gardiner and loses puck.
14:26 of 2nd period - Slapshot by Jacob Trouba.
14:26 of 2nd period - Stopped by Corey Crawford with a rebound.
15:52 of 2nd period - Wrist shot by Matthew Tkachuk.
15:52 of 2nd period - Stopped by Corey Crawford without a rebound.
15:53 of 2nd period - Nicklas Backstrom wins face-off versus Mikko Koivu in Islanders zone.
16:24 of 2nd period - Wrist shot by Tyler Bozak.
16:24 of 2nd period - Shot Misses the Net.
16:40 of 2nd period - Pierre-Luc Dubois is hit by Jordie Benn and loses puck.
16:57 of 2nd period - Evan Rodrigues is hit by Jakub Voracek and loses puck.
17:41 of 2nd period - Slapshot by Erik Karlsson.
17:41 of 2nd period - Shot Misses the Net.
17:43 of 2nd period - Slapshot by Christopher Tanev.
17:43 of 2nd period - Stopped by Corey Crawford with a rebound.
18:14 of 2nd period - Minor Penalty to Torey Krug for Holding Stick.
18:15 of 2nd period - Nicklas Backstrom wins face-off versus Cal Clutterbuck in Maroons zone.
19:00 of 2nd period - Tyler Bozak is hit by Erik Karlsson and loses puck.
Goals for this period are 2 for Islanders vs 0 for Maroons.
Shots for this period are 13 for Islanders vs 10 for Maroons.

3rd period


0:01 of 3rd period - Mikko Koivu wins face-off versus Nicklas Backstrom in neutral zone.
0:04 of 3rd period - Slapshot by Christopher Tanev.
0:04 of 3rd period - Shot Blocked by Alex Goligoski.
0:14 of 3rd period - Penalty to Torey Krug is over, Torey Krug is back on ice.
0:55 of 3rd period - Wrist shot by Zack Kassian.
0:55 of 3rd period - Shot Blocked by Will Butcher.
0:57 of 3rd period - Slapshot by Nick Schultz.
0:57 of 3rd period - Shot Misses the Net.
0:59 of 3rd period - Snap shot by Carl Gunnarsson.
0:59 of 3rd period - Shot Blocked by Chris Mueller.
1:11 of 3rd period - Tyler Bozak is hit by Matthew Tkachuk and loses puck.
2:17 of 3rd period - Off-side.
2:18 of 3rd period - Frederik Gauthier wins face-off versus Tyler Bozak in neutral zone.
2:23 of 3rd period - Snap shot by Beau Bennett.
2:23 of 3rd period - Stopped by Corey Crawford without a rebound.
2:24 of 3rd period - Nicklas Backstrom wins face-off versus Mikko Koivu in Islanders zone.
2:24 of 3rd period - Nicklas Backstrom is hit by Jakub Voracek.
2:33 of 3rd period - Slapshot by Jordie Benn.
2:33 of 3rd period - Stopped by John Gibson with a rebound.
2:35 of 3rd period - Snap shot by Nicklas Backstrom.
2:35 of 3rd period - Shot Misses the Net.
2:37 of 3rd period - Snap shot by Nicklas Backstrom.
2:37 of 3rd period - Shot Misses the Net.
2:39 of 3rd period - Slapshot by Nicklas Backstrom.
2:39 of 3rd period - Deflect By James Neal.
2:39 of 3rd period - Stopped by John Gibson without a rebound.
2:40 of 3rd period - Bo Horvat wins face-off versus Kyle Palmieri in Maroons zone.
2:42 of 3rd period - Minor Penalty to Brendan Gallagher for Hooking.
2:43 of 3rd period - Nicklas Backstrom wins face-off versus Mikko Koivu in Maroons zone.
4:42 of 3rd period - Penalty to Brendan Gallagher is over, Brendan Gallagher is back on ice.
5:04 of 3rd period - Slapshot by Brendan Gallagher.
5:04 of 3rd period - Deflect By Pierre-Luc Dubois.
5:04 of 3rd period - Shot Misses the Net.
5:04 of 3rd period - Puck is out of play.
5:05 of 3rd period - Frederik Gauthier wins face-off versus Evan Rodrigues in Islanders zone.
5:06 of 3rd period - Slapshot by Erik Karlsson.
5:06 of 3rd period - Shot Blocked by Will Butcher.
5:08 of 3rd period - Slapshot by Erik Karlsson.
5:08 of 3rd period - Shot Misses the Net.
5:17 of 3rd period - Minor Penalty to Chris Mueller for Holding.
5:18 of 3rd period - Radek Faksa wins face-off versus Mikko Koivu in Islanders zone.
5:22 of 3rd period - Alex Goligoski is hit by Jakub Voracek and loses puck.
5:35 of 3rd period - Snap shot by Jakub Voracek.
5:35 of 3rd period - Shot Misses the Net.
5:49 of 3rd period - Slapshot by Torey Krug.
5:49 of 3rd period - Shot Misses the Net.
6:03 of 3rd period - Wrist shot by Will Butcher.
6:03 of 3rd period - Deflect By Torey Krug.
6:03 of 3rd period - Stopped by John Gibson with a rebound.
6:05 of 3rd period - Wrist shot by Mikhail Grigorenko.
6:05 of 3rd period - Shot Misses the Net.
6:19 of 3rd period - Snap shot by Jakub Voracek.
6:19 of 3rd period - Goal by Jakub Voracek - Islanders : 3 - Maroons : 2.
6:20 of 3rd period - Nicklas Backstrom wins face-off versus Mikko Koivu in neutral zone.
6:31 of 3rd period - Snap shot by Nicklas Backstrom.
6:31 of 3rd period - Stopped by John Gibson with a rebound.
6:33 of 3rd period - Slapshot by James Neal.
6:33 of 3rd period - Shot Misses the Net.
6:35 of 3rd period - Slapshot by James Neal.
6:35 of 3rd period - Goal by James Neal - Islanders : 4 - Maroons : 2.
6:36 of 3rd period - Tyler Bozak wins face-off versus Mikko Koivu in neutral zone.
8:30 of 3rd period - Wrist shot by Erik Karlsson.
8:30 of 3rd period - Stopped by Corey Crawford without a rebound.
8:31 of 3rd period - Zack Kassian wins face-off versus Nicklas Backstrom in Islanders zone.
8:36 of 3rd period - Snap shot by Zack Kassian.
8:36 of 3rd period - Stopped by Corey Crawford without a rebound.
8:37 of 3rd period - Nicklas Backstrom wins face-off versus Beau Bennett in Islanders zone.
8:54 of 3rd period - Snap shot by Nicklas Backstrom.
8:54 of 3rd period - Shot Misses the Net.
9:36 of 3rd period - Slapshot by Torey Krug.
9:36 of 3rd period - Stopped by Corey Crawford with a rebound.
9:38 of 3rd period - Snap shot by Frederik Gauthier.
9:38 of 3rd period - Stopped by Corey Crawford with a rebound.
9:40 of 3rd period - Slapshot by Jacob Trouba.
9:40 of 3rd period - Shot Blocked by Nicklas Backstrom.
9:42 of 3rd period - Backhand shot by Frederik Gauthier.
9:42 of 3rd period - Stopped by Corey Crawford with a rebound.
9:44 of 3rd period - Slapshot by Zack Kassian.
9:44 of 3rd period - Shot Misses the Net.
9:46 of 3rd period - Slapshot by Jacob Trouba.
9:46 of 3rd period - Deflect By Zack Kassian.
9:46 of 3rd period - Shot Misses the Net.
9:46 of 3rd period - Puck is out of play.
9:47 of 3rd period - Tyler Bozak wins face-off versus Mikko Koivu in Islanders zone.
9:57 of 3rd period - Icing by Nick Schultz.
9:58 of 3rd period - Tyler Bozak wins face-off versus Mikko Koivu in Maroons zone.
10:01 of 3rd period - Wrist shot by Kyle Palmieri.
10:01 of 3rd period - Shot Blocked by Nick Schultz.
10:11 of 3rd period - Slapshot by Kyle Palmieri.
10:11 of 3rd period - Shot Blocked by Nick Schultz.
10:13 of 3rd period - Snap shot by Kyle Palmieri.
10:13 of 3rd period - Shot Blocked by Mikko Koivu.
10:31 of 3rd period - Off-side.
10:32 of 3rd period - Tyler Bozak wins face-off versus Mikko Koivu in neutral zone.
10:35 of 3rd period - Mikko Koivu is hit by Tyler Bozak and loses puck.
10:58 of 3rd period - Matt Duchene is hit by Mikhail Grigorenko and loses puck.
11:17 of 3rd period - Wrist shot by Radek Faksa.
11:17 of 3rd period - Shot Misses the Net.
12:04 of 3rd period - Snap shot by Bo Horvat.
12:04 of 3rd period - Shot Blocked by Will Butcher.
12:06 of 3rd period - Wrist shot by Bo Horvat.
12:06 of 3rd period - Stopped by Corey Crawford without a rebound.
12:07 of 3rd period - Tyler Bozak wins face-off versus Bo Horvat in Islanders zone.
12:07 of 3rd period - Tyler Bozak is hit by Brendan Gallagher.
12:49 of 3rd period - Off-side.
12:50 of 3rd period - Mikko Koivu wins face-off versus Nicklas Backstrom in neutral zone.
13:17 of 3rd period - Carl Gunnarsson is hit by Radek Faksa and loses puck.
13:40 of 3rd period - Slapshot by Torey Krug.
13:40 of 3rd period - Stopped by Corey Crawford with a rebound.
13:42 of 3rd period - Snap shot by Zack Kassian.
13:42 of 3rd period - Deflect By Frederik Gauthier.
13:42 of 3rd period - Stopped by Corey Crawford without a rebound.
13:43 of 3rd period - Tyler Bozak wins face-off versus Mikko Koivu in Islanders zone.
14:15 of 3rd period - Backhand shot by Nick Schmaltz.
14:15 of 3rd period - Shot Misses the Net.
14:18 of 3rd period - Icing by Tyler Bozak.
14:19 of 3rd period - Nick Schmaltz wins face-off versus Tyler Bozak in Islanders zone.
14:26 of 3rd period - Wrist shot by Nick Schmaltz.
14:26 of 3rd period - Shot Misses the Net.
14:34 of 3rd period - Snap shot by Brandon Saad.
14:34 of 3rd period - Shot Blocked by Jacob Trouba.
14:55 of 3rd period - Snap shot by Tyler Bozak.
14:55 of 3rd period - Stopped by John Gibson with a rebound.
14:57 of 3rd period - Snap shot by Jake Gardiner.
14:57 of 3rd period - Stopped by John Gibson with a rebound.
14:59 of 3rd period - Snap shot by Brandon Saad.
14:59 of 3rd period - Stopped by John Gibson with a rebound.
15:09 of 3rd period - Wrist shot by Brandon Saad.
15:09 of 3rd period - Stopped by John Gibson with a rebound.
15:11 of 3rd period - Backhand shot by Kyle Palmieri.
15:11 of 3rd period - Shot Misses the Net.
15:13 of 3rd period - Wrist shot by Tyler Bozak.
15:13 of 3rd period - Stopped by John Gibson without a rebound.
15:14 of 3rd period - Radek Faksa wins face-off versus Mikko Koivu in Maroons zone.
15:15 of 3rd period - Wrist shot by Mikhail Grigorenko.
15:15 of 3rd period - Stopped by John Gibson without a rebound.
15:16 of 3rd period - Mikko Koivu wins face-off versus Radek Faksa in Maroons zone.
15:18 of 3rd period - Minor Penalty to Matthew Tkachuk for High sticking.
15:19 of 3rd period - Mikko Koivu wins face-off versus Nicklas Backstrom in Maroons zone.
17:18 of 3rd period - Penalty to Matthew Tkachuk is over, Matthew Tkachuk is back on ice.
17:31 of 3rd period - Slapshot by Will Butcher.
17:31 of 3rd period - Stopped by John Gibson without a rebound.
17:32 of 3rd period - Bo Horvat wins face-off versus Evan Rodrigues in Maroons zone.
17:32 of 3rd period - Bo Horvat is hit by Chris Mueller.
17:44 of 3rd period - Snap shot by Will Butcher.
17:44 of 3rd period - Stopped by John Gibson without a rebound.
17:45 of 3rd period - Radek Faksa wins face-off versus Mikko Koivu in Maroons zone.
18:12 of 3rd period - Nicklas Backstrom is hit by Nick Schultz.
Goals for this period are 1 for Islanders vs 1 for Maroons.
Shots for this period are 13 for Islanders vs 10 for Maroons.